Map: Ascension to Aiur LE

Players

BubbleButt

  • Race: Protoss Protoss
  • Spawn Location: 5:00

eXile - Winner!

  • Race: Zerg Zerg
  • League: Platinum
  • Spawn Location: 11:00

VOD

Have the link to the VOD?

Description

Time

  • Played on: May 29, 2017, 1:15 p.m.
  • Length: 20:10
Show
View Real Time Build Order
Export as new Build Order

BubbleButt Protoss 

Build Orders:  

Get SALT Encoding   

  12  0:01  Probe (Chrono Boost)  
  13  0:11  Probe (Chrono Boost)  
  14  0:18  Pylon  
  14  0:28  Probe (Chrono Boost)  
  15  0:37  Gateway  
  15  0:42  Probe (Chrono Boost)  
  16  0:46  Assimilator  
  16  0:53  Probe (Chrono Boost)  
  17  1:14  Probe (Chrono Boost)  
  17  1:17  Assimilator  
  18  1:24  Cybernetics Core, Probe (Chrono Boost)  
  19  1:30  Gateway  
  19  1:35  Probe (Chrono Boost)  
  20  1:46  Probe (Chrono Boost)  
  21  1:47  Warp Gate  
  21  1:58  Probe (Chrono Boost)  
  22  2:07  Pylon  
  22  2:09  Probe (Chrono Boost)  
  23  2:25  Stalker x2  
  23  2:28  Gateway  
  27  2:39  Gateway  
  27  2:46  Pylon  
  27  3:01  Stalker  
  27  3:02  Stalker  
  31  3:13  Pylon  
  33  3:21  Mothership Core (Chrono Boost)  
  32  4:05  Nexus  
  28  4:33  Robotics Facility  
  28  4:39  Pylon  
  28  4:41  Stalker x4  
  36  5:12  Stalker  
  36  5:13  Stalker x2  
  36  5:14  Stalker  
  44  5:27  Observer  
  45  5:30  Probe x2 (Chrono Boost)  
  47  5:40  Probe (Chrono Boost)  
  47  5:42  Probe (Chrono Boost)  
  49  5:44  Immortal  
  53  5:58  Forge  
  53  6:04  Forge  
  53  6:09  Probe (Chrono Boost)  
  55  6:13  Probe (Chrono Boost)  
  55  6:21  Probe (Chrono Boost)  
  55  6:25  Probe (Chrono Boost)  
  57  6:30  Sentry x2  
  61  6:35  Pylon  
  61  6:36  Protoss Ground Weapons Level 1  
  61  6:37  Protoss Ground Armor Level 1  
  61  6:38  Pylon  
  60  6:42  Sentry  
  64  6:55  Probe x2 (Chrono Boost)  
  64  7:05  Immortal  
  68  7:08  Zealot  
  68  7:13  Probe x2 (Chrono Boost)  
  72  7:21  Pylon  
  72  7:25  Probe x2 (Chrono Boost)  
  74  7:43  Zealot  
  74  7:44  Zealot x3  
  82  7:52  Nexus  
  82  8:12  Probe x2 (Chrono Boost)  
  84  8:14  Warp Prism  
  85  8:24  Probe (Chrono Boost)  
  86  8:39  Pylon  
  86  8:41  Pylon  
  86  8:42  Pylon  
  86  8:44  Pylon  
  86  8:50  Protoss Shields Level 1  
  86  8:57  Nexus  
  86  8:59  Pylon  
  86  9:01  Probe (Chrono Boost)  
  87  9:09  Twilight Council  
  87  9:11  Gateway  
  87  9:13  Gateway  
  87  9:15  Gateway  
  87  9:17  Gateway  
  87  9:18  Zealot x4  
  89  9:47  Zealot x4  
  81  10:19  Zealot x4  
  85  10:36  Robotics Facility  
  85  10:41  Photon Cannon  
  85  10:42  Photon Cannon  
  85  10:43  Photon Cannon  
  85  10:53  Probe (Chrono Boost)  
  85  10:54  Photon Cannon, Probe x2 (Chrono Boost)  
  85  10:55  Photon Cannon  
  85  10:57  Photon Cannon, Protoss Ground Weapons Level 2  
  88  11:00  Photon Cannon  
  88  11:03  Immortal  
  88  11:04  Assimilator  
  88  11:06  Probe x2 (Chrono Boost)  
  88  11:09  Assimilator  
  94  11:16  Protoss Ground Armor Level 2  
  94  11:37  Immortal x2  
  102  12:03  Stalker x4  
  102  12:04  Stalker x2  
  102  12:05  Zealot x2  
  118  12:15  Immortal  
  118  12:20  Immortal  
  126  12:24  Pylon  
  126  12:26  Pylon  
  126  12:33  Probe (Chrono Boost)  
  126  12:35  Probe x2 (Chrono Boost)  
  126  12:36  Assimilator  
  129  12:45  Nexus  
  129  12:47  Probe (Chrono Boost)  
  129  12:48  Pylon  
  130  12:59  Protoss Ground Weapons Level 3  
  130  13:02  Immortal  
  130  13:03  Immortal, Charge  
  138  13:35  Assimilator  
  138  13:52  Zealot x2  
  138  13:53  Zealot x5  
  138  13:54  Zealot  
  154  14:07  Assimilator  
  154  14:08  Protoss Ground Armor Level 3  
  154  14:11  Assimilator  
  154  14:16  Photon Cannon  
  154  14:17  Photon Cannon  
  154  14:18  Photon Cannon  
  154  14:20  Photon Cannon  
  154  14:21  Photon Cannon  
  154  14:24  Immortal x2, Gateway, Pylon  
  162  14:50  Templar Archives  
  162  15:11  Zealot x4  
  162  15:12  Zealot x4  
  178  15:17  Psionic Storm  
  178  15:37  Pylon x2  
  178  15:39  Pylon  
  110  16:34  Stalker x4  
  110  16:35  Stalker x4  
  86  17:14  Stalker x5  
  86  17:15  Stalker x3  
  78  17:37  Immortal x2  
  78  17:42  High Templar x3  
  78  17:43  High Templar  
  94  17:45  Zealot x3  
  94  17:46  Zealot  
  102  18:05  Photon Cannon  
  102  18:06  Photon Cannon  
  102  18:09  Photon Cannon, Nexus  
  102  18:17  Pylon x2  
  102  18:21  High Templar x3  
  101  18:33  Archon  
  101  18:34  Archon  
  97  18:41  Stalker x3  
  103  18:46  Mothership Core (Chrono Boost)  
Show
View Real Time Build Order
Export as new Build Order

eXile Zerg - Winner!

Build Orders: Hatch First 

Get SALT Encoding   

  12  0:01  Drone  
  13  0:12  Overlord  
  13  0:18  Drone  
  14  0:31  Drone x2  
  16  0:38  Drone  
  17  0:52  Hatchery  
  16  0:58  Drone  
  16  1:00  Extractor  
  16  1:02  Drone  
  17  1:18  Spawning Pool  
  16  1:21  Drone  
  17  1:35  Drone x2  
  19  1:57  Drone x2  
  19  2:00  Overlord  
  21  2:13  Zergling x4  
  21  2:14  Queen  
  21  2:15  Queen  
  27  2:20  Metabolic Boost  
  27  2:30  Drone x2  
  27  2:31  Drone  
  27  2:35  Overlord  
  30  2:40  Drone  
  31  2:45  Zergling x2  
  31  2:48  Drone  
  33  2:53  Queen  
  33  2:57  Pneumatized Carapace  
  35  3:00  Drone  
  36  3:12  Drone x3  
  39  3:40  Roach Warren  
  38  3:46  Drone x2  
  38  3:47  Drone  
  41  3:52  Zergling x4  
  41  3:53  Zergling x4  
  41  3:55  Overlord x2  
  44  3:58  Spine Crawler  
  44  3:59  Spine Crawler  
  37  4:29  Zergling x10  
  37  4:30  Zergling x6  
  45  4:32  Queen  
  45  4:36  Drone x3  
  52  4:43  Lair  
  50  4:46  Extractor  
  50  4:47  Extractor  
  50  4:48  Extractor  
  47  5:13  Evolution Chamber x2  
  45  5:28  Overlord x2  
  45  5:31  Hatchery  
  44  5:49  Zerg Melee Weapons Level 1  
  44  5:50  Zerg Ground Armor Level 1  
  44  5:52  Drone x5  
  44  5:53  Drone x5  
  44  5:54  Glial Reconstitution  
  54  6:02  Evolution Chamber  
  53  6:06  Drone  
  53  6:07  Drone x2  
  56  6:13  Drone x3  
  56  6:15  Queen  
  61  6:23  Overseer x3  
  61  6:26  Spore Crawler  
  61  6:30  Spore Crawler  
  59  6:58  Roach x5  
  59  6:59  Roach x2  
  59  7:01  Zerg Missile Weapons Level 1  
  73  7:02  Overlord x3  
  73  7:08  Overlord  
  73  7:16  Overlord  
  73  7:28  Zergling x2  
  73  7:29  Zergling x14  
  81  7:36  Overlord  
  81  7:38  Drone x2  
  83  7:44  Zerg Melee Weapons Level 2  
  83  7:45  Zerg Ground Armor Level 2  
  83  7:48  Drone x4  
  83  7:49  Drone x3  
  90  8:06  Overseer  
  90  8:14  Hatchery  
  89  8:26  Roach x5  
  89  8:27  Roach x8  
  109  8:34  Ravager x3  
  109  8:35  Ravager x2  
  109  8:36  Overlord x2  
  114  9:01  Roach  
  114  9:02  Roach x6  
  128  9:09  Drone x2  
  130  9:25  Overlord  
  130  9:26  Overlord x2  
  130  9:29  Queen  
  126  9:42  Overlord x2  
  126  9:43  Overlord x3  
  118  10:01  Roach x4  
  118  10:02  Roach x5  
  131  10:11  Zergling x8  
  133  10:20  Zerg Missile Weapons Level 2  
  129  10:30  Hatchery  
  129  10:31  Drone  
  129  10:32  Drone x10  
  139  10:41  Extractor  
  139  10:42  Extractor  
  137  10:59  Infestation Pit  
  136  11:10  Zergling x6  
  136  11:11  Zergling x14  
  143  11:12  Zergling x8  
  150  11:24  Extractor  
  149  11:25  Extractor  
  148  11:35  Hatchery  
  147  12:03  Overlord x3  
  147  12:14  Hive  
  147  12:19  Hydralisk Den  
  146  12:28  Spire  
  145  12:34  Overseer  
  145  12:36  Overseer  
  145  13:06  Drone x2  
  145  13:07  Drone x8  
  145  13:08  Drone  
  145  13:11  Drone x2  
  158  13:13  Queen  
  160  13:20  Pathogen Glands  
  160  13:22  Hatchery  
  159  13:35  Zerg Missile Weapons Level 3  
  159  13:37  Zerg Melee Weapons Level 3  
  159  13:38  Zerg Ground Armor Level 3  
  159  13:39  Adrenal Glands  
  159  13:45  Mutalisk x2  
  159  13:46  Mutalisk x8  
  159  13:47  Mutalisk x2  
  183  14:39  Overlord x3  
  183  14:43  Hydralisk x2  
  183  14:44  Hydralisk x6  
  199  14:46  Zergling x2  
  169  16:23  Zergling x8  
  169  16:24  Zergling x18  
  169  16:25  Zergling x52  
  158  16:29  Mutalisk x6  
  158  16:30  Mutalisk x8  
  158  16:31  Mutalisk x8  
  158  16:32  Mutalisk x2  
  163  16:41  Zerg Flyer Weapons Level 1  
  163  16:47  Spire  
  137  17:06  Corruptor x5  
  137  17:07  Corruptor  
  133  17:27  Zergling x2  
  133  17:28  Zergling x34  
  145  17:53  Tunneling Claws  
  145  18:09  Greater Spire, Corruptor x3  
  145  18:10  Corruptor  
  145  18:12  Hatchery  
  152  18:25  Zergling x2  
  152  18:26  Zergling x12, Hydralisk x3  
  152  18:27  Hydralisk x3  
  169  18:37  Zergling x12  
  169  18:38  Zergling x16, Hydralisk x3  
  169  18:39  Hydralisk x5  
  162  19:18  Roach x4  
  162  19:19  Roach x8  
  162  19:20  Roach x7  
  190  19:33  Brood Lord x2  
Tags
 
Add a new tag
Caveats
  • Supply blocks, unpowered buildings, or Contaminate may cause inaccurate times.
  • Supply counts are checked every 10 seconds.